 Dungeon Crawl Stone Soup version 0.32-a0-576-g706899e69d (webtiles) character file.

Game seed: 4560450818302093040

3477556 ragingrage the Bringer of Blasphemy (level 27, 264/264 HPs)
             Began as a Black Draconian Delver on Mar 1, 2024.
             Was the Champion of Yredelemnul.
             Escaped with the Orb
             ... and 5 runes on Mar 2, 2024!
             The game lasted 01:59:35 (61586 turns).

ragingrage the Bringer of Blasphemy (DrDe)         Turns: 61586, Time: 01:59:36

Health: 264/264    AC: 29    Str: 17    XL:     27
Magic:  40/40      EV: 31    Int: 11    God:    Yredelemnul [******]
Gold:   2330       SH:  0    Dex: 20    Spells: 19/32 levels left

rFire   + . .        a - +8 pair of quick blades "Gyre" and "Gimble" {protect}
rCold   . . .        (shield currently unavailable)
rNeg    + . .        (body armour unavailable)
rPois   +            J - +1 hat of Dishonour {rN+ Will+ rCorr Str+2}
rElec   +            y - +1 cloak of Starlight {*Dazzle EV+4 Stlth--}
rCorr   +            I - +2 pair of gloves
SInv    .            q - +1 pair of boots of the Sky {rPois Regen+ Dex-4 Slay+3}
Will    +++..        A - amulet "Coabub" {Regen+ Slay+5}
Stlth   ++           Y - ring of the Tortoise {AC+8}
HPRegen 3.04/turn    u - ring of protection from fire
MPRegen 0.27/turn

%: no passive effects
@: maw-form, flying, wreathed by umbra, studying Long Blades
A: devouring maw, flying, galvanic breath, AC +13, unfitting armour, big wings,
electricity resistance, cold-blooded, hooves 1, clumsy 1, regeneration 1,
inability to drink after injury 1
0: Orb of Zot
}: 5/15 runes: serpentine, barnacled, slimy, silver, abyssal
a: Galvanic Breath, Begin Untransformation, Renounce Religion, Light the Black
Torch, Recall Undead Harvest, Hurl Torchlight, Bind Soul, Fathomless Shackles


You escaped.
You worshipped Yredelemnul.
Yredelemnul was exalted by your worship.
You were a creature with a mouth for a stomach.
You visited 11 branches of the dungeon, and saw 53 of its levels.
You visited the Abyss 3 times.
You visited 2 bazaars.
You also visited: Trove, Gauntlet and Desolation.

You collected 8865 gold pieces.
You spent 6535 gold pieces at shops.

Inventory:

Hand Weapons
 a - the +8 pair of quick blades "Gyre" and "Gimble" (weapon) {protect}
   (You bought it in a shop on level 3 of the Shoals)
Missiles
 g - 4 curare-tipped darts
 W - 4 throwing nets
Armour
 q - the +1 pair of boots of the Sky (worn) {rPois Regen+ Dex-4 Slay+3}
   (You acquired it on level 2 of the Orcish Mines)

   Dex-4:     It affects your dexterity (-4).
   Slay+3:    It affects your accuracy & damage with ranged weapons and melee
   (+3).
   rPois:     It protects you from poison.
   Regen+:    It increases your rate of health regeneration.
 y - the +1 cloak of Starlight (worn) {*Dazzle EV+4 Stlth--}
   (You acquired it on level 13 of the Dungeon)

   *Dazzle:   It may blind those who miss an attack against the wearer in melee
   combat.
   EV+4:      It affects your evasion (+4).
   Stlth--:   It makes you much less stealthy.
 I - a +2 pair of gloves (worn)
 J - the +1 hat of Dishonour (worn) {rN+ Will+ rCorr Str+2}
   (You bought it in a shop in a bazaar)

   Str+2:     It affects your strength (+2).
   rN+:       It protects you from negative energy.
   Will+:     It increases your willpower.
   rCorr:     It protects you from acid and corrosion.
 R - a +2 cloak of willpower
Jewellery
 m - the ring of Xinykyn {rC+ Dex+2}
   (You acquired it in a Gauntlet)

   [ring of protection from cold]

   Dex+2:     It affects your dexterity (+2).
   rC+:       It protects you from cold.
 t - the ring "Atiownaf" {rElec rN+ Str+2 SInv}
   (You found it in a treasure trove)

   [ring of see invisible]

   Str+2:     It affects your strength (+2).
   rElec:     It insulates you from electricity.
   rN+:       It protects you from negative energy.
   SInv:      It lets you see invisible.
 u - a ring of protection from fire (right hand)
 v - a +4 ring of slaying
 A - the amulet "Coabub" (around neck) {Regen+ Slay+5}
   (You bought it in a shop on level 1 of the Snake Pit)

   [amulet of regeneration]

   Slay+5:    It affects your accuracy & damage with ranged weapons and melee
   (+5).
   Regen+:    It increases your rate of health regeneration.
 U - a ring of willpower
 Y - the ring of the Tortoise (left hand) {AC+8}
   (You took it off a deep elf high priest on level 3 of the Elven Halls)

   [ring of protection]

   AC+8:      It affects your AC (+8).
Wands
 f - a wand of digging (21)
 B - a wand of iceblast (53)
 L - a wand of mindburst (77)
 P - a wand of quicksilver (16)
 S - a wand of polymorph (10)
 Z - a wand of paralysis (42)
Scrolls
 b - 12 scrolls of fog
 c - 8 scrolls of revelation
 d - 10 scrolls of fear
 e - 19 scrolls of teleportation
 x - 2 scrolls of silence
 z - 4 scrolls of blinking
 D - 9 scrolls of poison
 E - 8 scrolls of butterflies
 M - 11 scrolls of noise
 O - 11 scrolls of immolation
 X - 7 scrolls of vulnerability
Potions
 i - 6 potions of ambrosia
 j - 7 potions of invisibility
 k - 4 potions of cancellation
 n - 8 potions of lignification
 o - 3 potions of magic
 p - 9 potions of might
 r - 13 potions of mutation
 s - a potion of resistance
 w - 7 potions of heal wounds
 C - 10 potions of attraction
 G - 8 potions of brilliance
 H - 26 potions of curing
 K - 5 potions of enlightenment
 N - 8 potions of berserk rage
 T - 5 potions of haste
Miscellaneous
 h - a phial of floods
 l - a sack of spiders (inert)
 F - a lightning rod (4/4)
 Q - a phantom mirror
 V - a tin of tremorstones (2/2)


   Skills:
 + Level 24.8 Fighting
 - Level 18.1(18.4) Short Blades
 - Level 5.4(13.0) Long Blades
 - Level 20.0 Dodging
 - Level 10.0 Stealth
 - Level 3.0 Spellcasting
 - Level 9.0 Necromancy
 - Level 10.0 Translocations
 - Level 8.0 Air Magic
 O Level 27 Invocations
 - Level 16.0 Evocations
 - Level 18.0 Shapeshifting


You had 19 spell levels left.
You knew the following spells:

 Your Spells              Type           Power      Damage    Failure   Level
a - Fugue of the Fallen   Necr           21%        N/A       1%          3
b - Swiftness             Air            19%        N/A       3%          3
c - Blink                 Tloc           46%        N/A       1%          2
d - Apportation           Tloc           46%        N/A       1%          1
e - Manifold Assault      Tloc           23%        N/A       4%          4

Your spell library contained the following spells:

 Spells                   Type           Power      Damage    Failure   Level
 Necrotise                Necr           84%        1d8       1%          1
 Sublimation of Blood     Necr           21%        N/A       1%          2
 Gell's Gravitas          Tloc           23%        N/A       1%          3
 Teleport Other           Tloc           23%        N/A       1%          3
 Vampiric Draining        Necr           21%        2d7       1%          3
 Kiss of Death            Conj/Necr      44%        2d8       4%          1
 Shock                    Conj/Air       40%        1d5       4%          1
 Cigotuvi's Dreadful Rot  Necr/Alch/Air  28%        N/A       4%          2
 Passage of Golubria      Tloc           23%        N/A       4%          4
 Dispel Undead            Necr           21%        3d11      6%          4
 Mercury Vapours          Alch/Air       20%        N/A       8%          2
 Static Discharge         Conj/Air       20%        3-4/arc   8%          2
 Volatile Blastmotes      Fire/Tloc      24%        2d12      10%         3
 Airstrike                Air            9%         2d(2-18)  10%         4
 Curse of Agony           Necr           21%        N/A       19%         5
 Foxfire                  Conj/Fire      4%         2x1d4     26%         1
 Freeze                   Ice            4%         1d3       26%         1
 Magic Dart               Conj           4%         1d3       26%         1
 Slow                     Hex            4%         N/A       26%         1
 Sting                    Conj/Alch      4%         1d3       26%         1
 Summon Small Mammal      Summ           4%         N/A       26%         1
 Mephitic Cloud           Conj/Alch/Air  7%         N/A       26%         3
 Dimensional Bullseye     Hex/Tloc       6%         N/A       32%         4
 Iskenderun's Mystic Bla  Conj/Tloc      12%        2d5       32%         4
 Call Imp                 Summ           2%         N/A       36%         2
 Ensorcelled Hibernation  Hex/Ice        2%         N/A       36%         2
 Jinxbite                 Hex            2%         N/A       36%         2
 Scorch                   Fire           2%         2d5       36%         2
 Anguish                  Hex/Necr       5%         N/A       38%         4
 Martyr's Knell           Necr/Summ      11%        N/A       38%         4
 Summon Lightning Spire   Summ/Air       10%        N/A       45%         4
 Dispersal                Tloc           11%        N/A       54%         6
 Call Canine Familiar     Summ           1%         N/A       61%         3
 Confusing Touch          Hex            1%         N/A       61%         3
 Dazzling Flash           Conj/Hex       2%         N/A       61%         3
 Frozen Ramparts          Ice            2%         1d1       61%         3
 Hailstorm                Conj/Ice       1%         3d5       61%         3
 Inner Flame              Hex/Fire       1%         N/A       61%         3
 Sigil of Binding         Hex            1%         N/A       61%         3
 Summon Ice Beast         Ice/Summ       1%         N/A       61%         3
 Tukima's Dance           Hex            1%         N/A       61%         3
 Borgnjor's Vile Clutch   Necr/Erth      5%         N/A       75%         5
 Silence                  Hex/Air        5%         N/A       80%         5
 Brom's Barrelling Bould  Conj/Erth      1%         2d3       95%         4
 Cause Fear               Hex            0%         N/A       95%         4
 Flame Wave               Conj/Fire      1%         2d4       95%         4
 Fulminant Prism          Conj/Alch      0%         3d5       95%         4
 Ignite Poison            Fire/Alch      1%         N/A       95%         4
 Olgreb's Toxic Radiance  Alch           1%         N/A       95%         4
 Petrify                  Alch/Erth      1%         N/A       95%         4
 Sticky Flame             Fire/Alch      1%         2d4       95%         4
 Summon Blazeheart Golem  Fire/Summ      1%         N/A       95%         4
 Alistair's Intoxication  Alch           0%         N/A       100%        5
 Fireball                 Conj/Fire      0%         3d3       100%        5
 Iskenderun's Battlesphe  Conj           1%         2d6       100%        5
 Lee's Rapid Deconstruct  Erth           0%         3d4*      100%        5
 Summon Mana Viper        Hex/Summ       1%         N/A       100%        5
 Yara's Violent Unravell  Hex/Alch       0%         3d3       100%        5
 Bombard                  Conj/Erth      0%         9d1       100%        6
 Conjure Ball Lightning   Conj/Air       5%         3x3d6     100%        6
 Eringya's Noxious Bog    Alch           0%         4d6       100%        6
 Starburst                Conj/Fire      0%         6d3       100%        6
 Summon Cactus Giant      Summ           0%         N/A       100%        6
 Enfeeble                 Hex            0%         N/A       100%        7
 Malign Gateway           Summ/Tloc      6%         N/A       100%        7
 Monstrous Menagerie      Summ           0%         N/A       100%        7
 Orb of Destruction       Conj           0%         9d5       100%        7
 Ozocubu's Refrigeration  Ice            0%         4d7       100%        7
 Spellforged Servitor     Conj/Summ      0%         N/A       100%        7
 Summon Hydra             Summ           0%         N/A       100%        7
 Discord                  Hex            0%         N/A       100%        8
 Lehudib's Crystal Spear  Conj/Erth      0%         10d2      100%        8
 Maxwell's Capacitive Co  Air            9%         ∞         100%        8
 Summon Horrible Things   Summ           0%         N/A       100%        8
 Dragon's Call            Summ           0%         N/A       100%        9
 Fire Storm               Conj/Fire      0%         6d1       100%        9
 Animate Dead             Necr           Unusable   N/A       N/A         4
 Death Channel            Necr           Unusable   N/A       N/A         6

Dungeon Overview and Level Annotations

Branches:
Dungeon (15/15)            Temple (1/1) D:5            Lair (5/5) D:9
 Shoals (4/4) Lair:2        Snake (4/4) Lair:3        Slime (5/5) Lair:5
    Orc (2/2) D:9             Elf (3/3) Orc:2        Vaults (5/5) D:14
  Crypt (0/3) Vaults:3     Depths (4/4) D:15            Zot (5/5) Depths:4
Desolation (visited)      Gauntlet (visited)

Altars:
Ashenzari
Cheibriados
Dithmenos
Elyvilon
Fedhas
Gozag
Hepliaklqana
Kikubaaqudgha
Makhleb
Nemelex Xobeh
Okawaru
Qazlal
Ru
Sif Muna
Trog
Uskayaw
Vehumet
Wu Jian
Xom
Yredelemnul
Zin
The Shining One
Beogh
Jiyva

Shops:
D:12 [   D:13 (   Orc:2 *[?:(*   Elf:1 *   Elf:2 *[([   Shoals:1 (   Shoals:3 (
Snake:1 :==   Snake:2 (   Snake:4 **(   Vaults:1 ((?[   Vaults:2 (   Depths:1 (

Portals:
Hell: Depths:1 Depths:2 Depths:3 Depths:4
Abyss: Depths:1 Depths:2 Depths:3 Depths:4
Pandemonium: Depths:2
Ziggurat: Depths:3

Annotations:
Lair:4 1 exclusion
Shoals:1 3 runed translucent doors, zenocrate's ghost, journeyman FeSh; zewo's ghost, adept DrFE
Depths:4 2 transporters, Lucarghiu's ghost, veteran GnWn
Zot:1 2 transporters, exclusion: obsidian statue


Innate Abilities, Weirdness & Mutations

You are a creature with a mouth for a stomach.
Your midsection houses a second, enormous mouth.
You are flying.
You can breathe arcing electricity.
Your glossy black scales are hard. (AC +13)
You cannot fit into any form of body armour.
Your large and strong wings let you fly.
You are resistant to electric shocks. (rElec)
You are cold-blooded and may be slowed by cold attacks.
You have large cloven feet.
You are clumsy. (Dex -2)
Your natural rate of healing is unusually fast.
You occasionally lose the ability to drink potions when taking damage.


Message History

There is an open door here.
There is a stone staircase leading up here.
There is an open door here.
There is an open door here.
There is a stone staircase leading up here.
You fly upwards.
There is a stone staircase leading down here.
There is a stone staircase leading up here.
You fly upwards.
There is a stone staircase leading down here.
There is a stone staircase leading up here.
You fly upwards.
There is a stone staircase leading down here.
Things that are here:
a +0 chain mail; a +0 halberd
There is a stone staircase leading up here.
You fly upwards.
There is a stone staircase leading down here.
There is an open door here.
There is an open door here.
There is a stone staircase leading up here.
You fly upwards.
There is a stone staircase leading down here.
An Orb Guardian comes into view.
There is a stone staircase leading up here.
You fly upwards.
There is a stone staircase leading down here.
(D) Dungeon (T) Temple (L) Lair (A) Shoals (P) Snake Pit (M) Slime Pits (O) Orcish Mines (E) Elven Halls (V) Vaults (C) Crypt (U) Depths (H) Hell (Z) Zot
Where to? (Tab/Enter - D:1 @ (x,y), ? - help)
There is a stone staircase leading up here.
You fly upwards.
There is a stone staircase leading down here.
There is a stone staircase leading up here.
You fly upwards.
There is a stone staircase leading down here.
There is a staircase leading out of the dungeon here.
You have escaped!

########## ########### .........#
#.........# ####### .........#
###.#.#>#.#.###...... .........#
##...#.###.#..##......
.........###.......#......#......
..........#.......###............
#########.#...[.### ###..........
#########.......W## ##......>...
........##......#.# ##>...>#..###
........###.....>## #.#......####
........# #.....## ##.....###...
........# #....)### ###.(..##..##
........###.......###.........###
..........#........#......Z#####.
......ZZ#.......#Z###.#....Z####.
...Z.Z..##...)).#Z#>#.#.....ZZZZ.


There were no monsters in sight!

Vanquished Creatures
  the Royal Jelly (Slime:5)
  A dread lich (Vaults:5)
  5 orbs of fire (Zot:5)
  The ghost of Tigajux the Slayer, a master OnAl of Gozag (Zot:5)
  3 ancient liches
  2 juggernauts
  A pandemonium lord (Depths:2)
  5 Killer Klowns
  5 curse toes
  The ghost of Gazog the Conqueror, a veteran MiHW of Gozag (Depths:3)
  8 golden dragons
  4 caustic shrikes
  Jory (Vaults:5)
  2 profane servitors (Abyss:3)
  2 bone dragons (Abyss:3)
  2 doom hounds (Zot:1)
  2 electric golems (Zot:5)
  The ghost of Jesaaggu the Warrior, an adept MiNe of Uskayaw (Vaults:1)
  19 tentacled monstrosities
  An Ice Fiend (D:15)
  24 Orb Guardians
  A deep elf blademaster (Elf:3)
  3 walking crystal tomes
  8 liches
  2 walking frostbound tomes (Depths:2)
  3 quicksilver dragons
  4 titans
  3 sphinxes
  A walking divine tome (Depths:2)
  A deep elf master archer (Elf:3)
  10 acid blobs
  2 krakens
  Polyphemus (Shoals:3)
  8 death cobs
  An Executioner (Depths:1)
  4 tentacled starspawn (Abyss:3)
  9 shadow dragons
  5 tengu reavers
  Ilsuiw (Shoals:3)
  8 rockslimes
  14 storm dragons
  A draconian monk (Zot:4)
  3 nagarajas
  8 azure jellies
  2 protean progenitors (Zot:5)
  3 draconian knights (Zot:5)
  14 fire giants
  2 imperial myrmidons (Desolation)
  An iron dragon (Depths:2)
  5 draconian shifters
  2 balrugs
  13 vault wardens
  5 draconian scorchers
  6 frost giants
  4 deep elf sorcerers
  4 draconian annihilators
  3 ghost moths
  A juggernaut zombie (Depths:1)
  27 ironbound preservers
  4 draconian stormcallers
  18 stone giants
  2 angels (Vaults:3)
  A caustic shrike skeleton (Abyss:3)
  A starflower (Abyss:3)
  33 very ugly things
  2 orc warlords
  3 vampire knights
  12 quicksilver oozes
  7 formless jellyfish
  4 ironbound thunderhulks
  2 halazid warlocks (Desolation)
  7 green draconians
  7 dire elephants (Vaults:1)
  9 black draconians
  6 deep elf demonologists
  A war gargoyle (Vaults:5)
  11 purple draconians
  7 spark wasps
  7 deep elf annihilators
  5 yellow draconians
  9 deep elf death magi
  7 white draconians
  A minotaur (Gauntlet)
  6 red draconians
  Azrael (Snake:3)
  7 ettins
  2 blizzard demons
  5 merfolk impalers
  4 fire dragons
  3 merfolk javelineers (Shoals:4)
  A crystal guardian (Desolation)
  4 entropy weavers
  8 deep elf high priests
  A quicksilver dragon zombie (D:15)
  6 ragged hierophants (Desolation)
  Fannar (D:12)
  14 great orbs of eyes
  15 yaktaur captains
  6 rakshasas
  6 servants of whispers (Desolation)
  11 ice dragons
  4 peacekeepers (Desolation)
  3 hydras
  26 vault guards
  A ghost crab (Gauntlet)
  An ogre mage (Orc:2)
  3 spriggan air magi
  8 anacondas
  7 ironbound frosthearts
  26 dancing weapons
  3 merfolk aquamancers (Shoals:4)
  6 boulder beetles
  5 salamander tyrants
  2 satyrs
  2 merfolk avatars (Shoals:4)
  7 centaur warriors
  6 two-headed ogres
  5 deep troll shamans
  9 death yaks
  A vampire mage (D:13)
  3 deep troll earth magi
  A demonic crawler (Abyss:3)
  A tengu warrior (Depths:2)
  7 thrashing horrors
  4 shock serpents
  5 spriggan berserkers
  11 naga warriors
  2 occultists
  11 naga sharpshooters
  2 orc high priests
  7 sun demons
  A shock serpent (shapeshifter) (Vaults:1)
  4 fire crabs (Lair:4)
  15 deep elf knights
  A skyshark (Shoals:3)
  A storm dragon zombie (Depths:3)
  2 wretched stars (Abyss:3)
  A shadow wraith (Vaults:5)
  2 skeletal warriors (D:15)
  A spatial maelstrom (Abyss:3)
  6 iron trolls
  A cherub (D:15)
  A storm dragon skeleton (D:15)
  10 sea snakes
  67 deep trolls
  2 sixfirhies (Abyss:3)
  An orb spider (shapeshifter) (Vaults:5)
  4 salamander mystics (Snake:4)
  3 flayed ghosts
  A shadow demon (Depths:2)
  A glowing orange brain (shapeshifter) (Elf:2)
  5 glowing orange brains
  A mana viper (shapeshifter) (Vaults:5)
  5 mana vipers
  2 arcanists
  15 harpies
  12 deep elf archers
  An orange crystal statue (Abyss:3)
  A thermic dynamo (Elf:3)
  3 naga ritualists
  11 lindwurms
  25 starcursed masses (Abyss:3)
  11 large abominations (Abyss:3)
  4 necromancers
  3 phantasmal warriors (Vaults:5)
  3 orc knights (Orc:2)
  17 ironbound convokers
  26 deep elf pyromancers
  A wolf spider (D:10)
  22 deep elf zephyrmancers
  A salamander (shapeshifter) (D:13)
  A shining eye (shapeshifter) (Vaults:5)
  4 orc sorcerers
  A frost giant zombie (Depths:1)
  17 salamanders
  A stone giant zombie (Depths:1)
  A manticore (shapeshifter) (D:13)
  6 fauns
  A human zombie (Vaults:3)
  13 moths of wrath
  A tengu skeleton (Vaults:3)
  A shadow dragon skeleton (Depths:3)
  A will-o-the-wisp (Abyss:3)
  2 worldbinders
  7 cyclopes
  14 manticores
  33 ugly things
  2 shining eyes
  9 elephants
  2 meliai (D:15)
  6 naga magi
  20 black mambas
  9 merfolk sirens
  24 vault sentinels
  3 water nymphs
  3 gargoyles
  8 guardian serpents
  A cane toad (shapeshifter) (D:13)
  5 smoke demons
  9 cane toads
  5 molten gargoyles
  2 hellions (Depths:2)
  Jeremiah (D:8)
  An unseen horror (D:11)
  A rime drake (Lair:3)
  2 tengu conjurers (Depths:1)
  30 yaktaurs
  4 efreet
  2 kobold demonologists
  2 freezing wraiths (D:15)
  3 komodo dragons
  A yaktaur skeleton (Vaults:3)
  3 ancient zymes (Abyss:3)
  15 merfolk
  5 trolls
  7 polar bears
  A hellwing (Abyss:3)
  A polar bear (shapeshifter) (D:13)
  2 hornets (Depths:3)
  A tengu simulacrum (Vaults:3)
  A guardian mummy (D:13)
  2 glass eyes
  4 wind drakes
  49 saltlings (Desolation)
  6 raiju (Abyss:3)
  An ettin zombie (Vaults:3)
  5 dream sheep (Shoals:3)
  A dream sheep (shapeshifter) (Depths:2)
  A glass eye (shapeshifter) (Vaults:2)
  21 blink frogs
  10 snapping turtles
  A fire giant simulacrum (Depths:2)
  A jumping spider (shapeshifter) (Vaults:5)
  47 slime creatures
  2 spriggans (Depths:3)
  A wraith (D:12)
  2 air elementals (Elf:1)
  7 water elementals
  4 vampires
  A wyvern (shapeshifter) (D:15)
  14 yaks
  3 wyverns
  2 humans (D:9)
  A redback (shapeshifter) (Elf:1)
  6 fire elementals
  A steam dragon (shapeshifter) (D:13)
  3 wargs
  6 golden eyes
  3 basilisks
  A fire bat (shapeshifter) (Abyss:3)
  2 steam dragons
  2 vampire mosquitoes
  7 neqoxecs (Abyss:3)
  2 chaos spawn (Abyss:3)
  An acid dragon (D:13)
  42 nagas
  3 spatial vortices (Abyss:3)
  7 water moccasins
  A glowing shapeshifter skeleton (Vaults:5)
  2 hell hounds (Snake:3)
  22 orc warriors
  2 spectral shapeshifters (D:13)
  2 black bears
  An ice beast (D:7)
  2 laughing skulls (D:13)
  12 ogres
  15 wolves
  7 centaurs
  2 kobold brigands
  A phantom (D:5)
  5 weeping skulls
  3 gnoll sergeants
  Blork the orc (D:6)
  A brain worm (Abyss:2)
  6 bullfrogs
  A human skeleton (Vaults:5)
  4 scorpions
  3 small abominations (Abyss:3)
  3 earth elementals
  9 wights
  4 shapeshifter zombies (D:13)
  6 killer bees (D:11)
  5 electric eels
  A bombardier beetle (D:5)
  2 lava snakes (Lair:3)
  2 quasits (Abyss:3)
  2 jellies (D:6)
  18 orc priests
  An iron imp (Abyss:2)
  Terence (D:2)
  3 iguanas (D:6)
  15 orc wizards
  2 hell rats (Lair:1)
  13 gnolls
  12 adders
  2 shadow imps
  4 white imps
  2 ufetubi (D:3)
  A dart slug (D:4)
  3 ribbon worms
  64 orcs
  2 bats (D:3)
  10 endoplasms
  6 giant cockroaches
  6 goblins
  13 hobgoblins
  2 jackals
  4 quokkas
  9 ball pythons
  4 frilled lizards
  18 kobolds
  9 rats
  A spectral weapon (Vaults:5)
  3 starspawn tentacles (Abyss:3)
  5 tentacles
1951 creatures vanquished.

Vanquished Creatures (collateral kills)
  Dissolution (Slime:4)
  Josephina (Depths:2)
  3 golden dragons
  A bone dragon (Depths:4)
  An electric golem (Zot:5)
  Jorgrun (Shoals:3)
  2 titans (Vaults:5)
  2 Orb Guardians (Zot:5)
  Mlioglotl (Shoals:2)
  Grunn (Zot:1)
  A deep elf blademaster (Elf:3)
  4 tentacled monstrosities
  A deep elf master archer (Elf:3)
  A quicksilver dragon (Zot:5)
  5 acid blobs
  Aizul (Snake:3)
  A shadow dragon (Zot:1)
  Donald (Shoals:1)
  A draconian knight (Zot:2)
  5 azure jellies
  A tengu reaver (Depths:3)
  5 rockslimes
  2 draconian monks
  4 frost giants
  2 nagarajas (Snake:4)
  A fire giant (Depths:3)
  4 draconian scorchers
  A draconian shifter (Zot:4)
  2 deep elf elementalists (Elf:3)
  A draconian stormcaller (Zot:4)
  6 quicksilver oozes
  3 stone giants
  An ironbound preserver (Vaults:1)
  2 formless jellyfish
  A draconian annihilator (Zot:2)
  2 very ugly things
  An ironbound thunderhulk (D:14)
  2 black draconians
  A dire elephant (Vaults:1)
  2 red draconians (Zot:4)
  5 deep elf annihilators (Elf:3)
  2 spark wasps (Depths:2)
  A white draconian (Zot:5)
  3 purple draconians
  A merfolk javelineer (Shoals:2)
  A merfolk impaler (Shoals:2)
  A ragged hierophant (Desolation)
  A deep elf high priest (Vaults:5)
  An ettin (Depths:3)
  A yaktaur captain (Vaults:3)
  2 fire dragons (Depths:2)
  A rakshasa (D:14)
  A servant of whispers (Desolation)
  3 great orbs of eyes
  4 vault guards
  A juggernaut simulacrum (Depths:2)
  A hydra (Lair:2)
  2 spriggan air magi
  Erolcha (D:10)
  A death knight (D:14)
  4 anacondas
  An ogre mage (Vaults:5)
  An ice dragon (Depths:4)
  An alligator snapping turtle (Shoals:4)
  A catoblepas (Shoals:3)
  A merfolk avatar (Shoals:3)
  3 centaur warriors
  A deep troll shaman (Depths:3)
  2 boulder beetles
  2 dancing weapons
  2 two-headed ogres
  2 satyrs (Shoals:2)
  4 naga sharpshooters (Snake:3)
  A vampire mage (D:13)
  6 naga warriors
  3 tengu warriors (Depths:2)
  4 death yaks (Lair:5)
  2 hell knights
  4 deep elf knights
  A spriggan berserker (Depths:2)
  3 sun demons
  A soul eater (Gauntlet)
  A fire crab (Lair:4)
  3 skysharks
  A salamander mystic (Snake:4)
  3 skeletal warriors (D:13)
  A spark wasp zombie (D:15)
  An iron troll (Depths:3)
  A glowing orange brain (Slime:4)
  5 deep trolls
  3 mana vipers
  A golden dragon skeleton (Depths:3)
  A lindwurm (Vaults:2)
  3 sea snakes
  2 ironbound convokers
  2 phantasmal warriors (Vaults:5)
  4 deep elf archers
  A lindwurm (shapeshifter) (Vaults:5)
  4 naga ritualists
  A necromancer (Depths:1)
  A harpy (shapeshifter) (D:13)
  5 deep elf zephyrmancers
  13 ugly things
  5 harpies
  A sphinx simulacrum (Depths:3)
  4 deep elf pyromancers
  An oklob plant (Lair:3)
  8 shining eyes
  4 fauns
  4 manticores
  8 moths of wrath
  A meliai (D:15)
  An iron dragon skeleton (Depths:1)
  7 salamanders
  2 merfolk sirens
  11 naga magi
  A black mamba (shapeshifter) (D:13)
  7 black mambas
  3 eyes of devastation (Depths:2)
  A vault sentinel (Vaults:5)
  Joseph (D:10)
  An eye of devastation (shapeshifter) (Vaults:5)
  A smoke demon (Abyss:3)
  2 gargoyles
  6 cane toads
  7 yaktaurs
  A spark wasp simulacrum (Depths:2)
  3 guardian mummies (D:13)
  3 komodo dragons
  A golden dragon simulacrum (Depths:3)
  An ancient zyme (Abyss:3)
  6 merfolk
  2 trolls
  A troll (shapeshifter) (Abyss:3)
  2 polar bears
  A wind drake (Shoals:3)
  A hornet (D:8)
  A snapping turtle (Shoals:4)
  10 saltlings (Desolation)
  34 blink frogs
  A raiju (Abyss:3)
  4 dream sheep (Shoals:1)
  A glass eye (Slime:5)
  A stone giant simulacrum (Vaults:5)
  A fire giant simulacrum (Depths:2)
  20 slime creatures
  3 wyverns
  8 yaks
  4 vampires
  A basilisk (D:14)
  2 fire elementals
  A neqoxec (Abyss:3)
  8 golden eyes
  A steam dragon (D:6)
  A warg (Orc:2)
  A chaos spawn (D:13)
  4 spatial vortices (Abyss:3)
  A harpy simulacrum (Abyss:3)
  A human zombie (Depths:1)
  24 nagas
  A hell hound (Snake:3)
  4 water moccasins
  2 spectral shapeshifters (D:13)
  Duvessa (D:7)
  4 orc warriors
  A swamp drake (shapeshifter) (D:13)
  A black bear (D:6)
  A boggart (Gauntlet)
  3 centaurs
  2 ogres
  3 wolves
  2 kobold brigands
  6 bullfrogs
  2 scorpions (D:6)
  A brain worm (shapeshifter) (D:13)
  6 wights
  Dowan (D:7)
  4 howler monkeys
  4 electric eels
  3 lava snakes (Lair:3)
  4 orc priests
  A starcursed mass (Abyss:3)
  Crazy Yiuf (D:2)
  2 scrub nettles (Lair:2)
  9 orc wizards
  4 hell rats (Lair:1)
  A gnoll (shapeshifter) (Vaults:2)
  9 gnolls
  An adder (D:4)
  2 shadow imps (Gauntlet)
  2 ribbon worms
  16 orcs
  2 bats
  An endoplasm (D:1)
  A giant cockroach (D:3)
  4 goblins
  3 hobgoblins
  A jackal (D:2)
  A quokka (D:3)
  A ball python (D:4)
  13 kobolds
  2 rats (D:3)
595 creatures vanquished.

Vanquished Creatures (others)
  2 spectral juggernauts
  A spectral caustic shrike (Depths:2)
  A jelly zombie (Slime:5)
  4 spectral tentacled monstrosities (Zot:5)
  A caustic shrike zombie (Depths:4)
  A spectral Killer Klown (Zot:5)
  A green draconian (Zot:2)
  2 purple draconians
  2 acid blob zombies (Slime:5)
  3 spectral very ugly things
  A very ugly thing zombie (Depths:4)
  A spectral quicksilver dragon (Zot:3)
  A spectral golden dragon (Zot:3)
  A spectral shadow dragon (Zot:5)
  7 Orb Guardian zombies
  4 spectral fire giants spectral
  Mlioglotl (Shoals:2)
  A spectral frost giant (Depths:4)
  A spectral sphinx (Vaults:5)
  3 spectral draconians (Zot:5)
  2 azure jelly zombies (Slime:5)
  4 spectral stone giants
  2 titan zombies (Vaults:5)
  A spectral storm dragon (Zot:2)
  2 spectral sixfirhies (Abyss:3)
  A spectral catoblepas (Lair:5)
  4 quicksilver ooze zombies
  2 storm dragon zombies
  3 spectral anacondas
  A spectral alligator snapping turtle (Elf:1)
  A spectral white draconian (Abyss:3)
  2 spectral spark wasps
  15 spectral humans
  2 spectral purple draconians
  2 golden dragon zombies
  A spectral red draconian (Zot:3)
  2 spark wasp zombies (Depths:2)
  5 ugly thing zombies
  An arcanist (D:3)
  A spectral boulder beetle (D:15)
  2 frost giant zombies
  A draconian zombie (Zot:2)
  2 stone giant zombies (Vaults:5)
  An ugly thing (Depths:2)
  2 spectral ice dragons
  A fire giant zombie (Depths:4)
  A spectral fire dragon (Depths:4)
  2 shock serpent zombies
  A mana viper zombie (Snake:4)
  2 spectral shock serpents (Snake:4)
  A spectral efreet (Snake:3)
  A spectral rakshasa (Depths:2)
  3 death yak zombies (Lair:5)
  2 spectral sea snakes
  A yellow draconian zombie (Zot:5)
  2 black draconian zombies
  A green draconian zombie (Zot:2)
  4 spectral merfolk
  14 spectral nagas
  4 sea snake zombies
  A spectral two-headed ogre (Orc:2)
  9 spectral deep trolls
  An iron troll zombie (Depths:4)
  A spectral demonic crawler (Abyss:3)
  3 harpy zombies
  5 spectral harpies
  7 spectral moths of wrath
  A hydra zombie (Lair:3)
  4 spectral black mambas
  A guardian serpent zombie (Snake:1)
  21 spectral elves
  2 moth of wrath zombies
  A fire dragon zombie (Depths:4)
  4 spectral manticores
  2 meliai zombies (D:15)
  3 black mamba zombies
  A water elemental (Elf:1)
  A spectral yaktaur (Vaults:2)
  A spectral kobold (Lair:5)
  4 spectral salamanders
  A wind drake zombie (Shoals:3)
  4 slime creature zombies (Slime:5)
  A fire bat zombie (Abyss:3)
  A faun zombie (Shoals:3)
  A skyshark zombie (Lair:5)
  A spectral hellion (Depths:2)
  A naga (Snake:4)
  A spectral troll (Orc:2)
  A spectral spriggan (Depths:3)
  2 deep troll zombies
  A tengu zombie (Depths:2)
  2 entropy weaver zombies (Lair:4)
  A spectral rime drake (Lair:3)
  A two-headed ogre zombie (D:9)
  3 cane toad zombies
  3 spectral raiju (Abyss:3)
  2 hornet zombies (Depths:3)
  2 spectral smoke demons (Abyss:3)
  10 blink frog zombies
  A snapping turtle zombie (Shoals:4)
  6 merfolk zombies
  A manticore zombie (Shoals:3)
  An ogre (Vaults:5)
  A komodo dragon zombie (Lair:5)
  2 spectral chaos spawn (Abyss:3)
  A spectral hell hound (Snake:3)
  4 spectral neqoxecs (Abyss:3)
  3 fire crab zombies (Lair:4)
  2 salamander zombies
  2 wyvern zombies (Lair:3)
  2 yaktaur zombies (Vaults:2)
  A hell hound zombie (Snake:3)
  A spectral acid dragon (Lair:3)
  4 water moccasin zombies
  2 spectral ogres (Orc:2)
  2 troll zombies
  3 yak zombies
  2 polar bear zombies
  5 wolf zombies
  A spectral centaur (D:15)
  2 bullfrog zombies
  5 centaur zombies
  10 human zombies
  A scorpion zombie (D:6)
  15 naga zombies
  4 ogre zombies
  A spectral quasit (Abyss:3)
  26 elf zombies
  An iguana zombie (D:6)
  3 lava snake zombies (Lair:3)
  A spectral white imp (D:8)
  4 spectral gnolls (D:12)
  3 orcs
  2 bat zombies
  3 endoplasm zombies
  A frilled lizard zombie (D:2)
  A giant cockroach zombie (D:3)
  6 gnoll zombies
  A goblin zombie (D:3)
  3 hobgoblin zombies
  A jackal zombie (D:2)
  4 kobold zombies
  38 orc zombies
  3 rat zombies (D:3)
  16 spectral orcs
  2 spectral ufetubi (D:3)
  A butterfly (D:15)
  4 foxfires (Abyss:3)
  A lurking horror (Abyss:3)
  7 starspawn tentacles (Abyss:3)
  7 tentacles
477 creatures vanquished.

Grand Total: 3023 creatures vanquished

Notes
Turn   | Place    | Note
-------+----------+-------------------------------------------
     0 | D:5      | ragingrage the Draconian Delver began the quest for the
                  | Orb.
     0 | D:5      | Reached XP level 1. HP: 19/19 MP: 1/1
     1 | D:6      | Noticed an orc wizard
     1 | D:6      | Noticed an orc priest
   168 | D:5      | Noticed a scorpion
   200 | D:5      | Found a staircase to the Ecumenical Temple.
   200 | D:5      | Noticed an orc priest
   204 | D:5      | Killed an orc priest
   205 | D:5      | Reached XP level 2. HP: 18/26 MP: 2/2
   205 | D:5      | Reached XP level 3. HP: 22/31 MP: 3/3
   207 | Temple   | Entered the Ecumenical Temple
   246 | Temple   | Became a worshipper of Yredelemnul the Fallen
   262 | D:5      | Noticed a phantom
   269 | D:5      | Killed a phantom
   270 | D:5      | Reached XP level 4. HP: 32/38 MP: 4/4
   343 | D:5      | Reached skill level 5 in Long Blades
   343 | D:5      | Reached XP level 5. HP: 45/45 MP: 5/5
   570 | D:1      | Learned a level 2 spell: Blink
   826 | D:1      | Reached * piety under Yredelemnul
  1103 | D:2      | Found a faded altar of an unknown god.
  1106 | D:2      | Noticed Terence
  1116 | D:2      | Killed Terence
  1117 | D:2      | Reached skill level 1 in Short Blades
  1121 | D:2      | Got Plato's Verses on Conduction
  1243 | D:2      | Identified the +4 chain mail of Ikior {-Tele rF+ rCorr
                  | Str+4}
  1687 | D:2      | Found a runed translucent door.
  1688 | D:2      | Noticed Crazy Yiuf
  1729 | D:2      | Found a burning altar of Makhleb.
  1815 | D:2      | Killed Crazy Yiuf
  1816 | D:2      | Reached XP level 6. HP: 45/52 MP: 6/6
  2000 | D:3      | Reached ** piety under Yredelemnul
  2100 | D:3      | Found a glowing golden altar of the Shining One.
  2384 | D:3      | Found a bloodstained altar of Trog.
  2808 | D:3      | Noticed a wizard
  2811 | D:3      | Killed a wizard
  2921 | D:4      | Reached skill level 5 in Fighting
  2939 | D:4      | Reached *** piety under Yredelemnul
  2961 | D:4      | Your scales start taking on a glossy black colour.
  2961 | D:4      | Reached XP level 7. HP: 61/61 MP: 7/7
  2961 | D:4      | Gained mutation: You are resistant to electric shocks.
                  | (rElec) [Black Draconian growth]
  3508 | D:5      | Found a hazy altar of Hepliaklqana.
  3572 | D:5      | Reached skill level 5 in Short Blades
  3583 | D:5      | Reached **** piety under Yredelemnul
  3819 | D:5      | Found a hide-covered altar of Uskayaw.
  4231 | D:6      | Reached XP level 8. HP: 62/68 MP: 8/8
  4500 | D:6      | Noticed Blork the orc
  4512 | D:6      | Killed Blork the orc
  4583 | D:6      | Found a glowing silver altar of Zin.
  4817 | D:6      | Reached skill level 10 in Short Blades
  4817 | D:6      | Reached XP level 9. HP: 74/74 MP: 9/9
  4874 | D:6      | Your ally Blork died
  5030 | D:7      | Found a blossoming altar of Fedhas.
  5257 | D:7      | Noticed Duvessa
  5263 | D:7      | Killed Duvessa
  5271 | D:7      | Noticed Dowan
  5271 | D:7      | Your ally Duvessa died
  5300 | D:7      | Killed Dowan
  5440 | D:7      | Found a broken altar of Ashenzari.
  5499 | D:7      | Reached ***** piety under Yredelemnul
  5777 | D:7      | Learned a level 3 spell: Swiftness
  5801 | D:8      | Reached skill level 1 in Air Magic
  5898 | D:8      | Reached XP level 10. HP: 72/81 MP: 10/10
  6077 | D:8      | Found a shimmering blue altar of Sif Muna.
  6299 | D:8      | Noticed Jeremiah
  6302 | D:8      | Killed Jeremiah
  6303 | D:8      | Reached skill level 1 in Invocations
  6358 | D:8      | Found a stormy altar of Qazlal.
  6359 | D:8      | Found a sacrificial altar of Ru.
  6571 | D:9      | Reached skill level 1 in Shapeshifting
  6683 | D:9      | Found an iron altar of Okawaru.
  6699 | D:9      | Reached skill level 2 in Invocations
  7264 | D:9      | Found a staircase to the Lair.
  7265 | D:9      | Noticed a two-headed ogre
  7272 | D:9      | Killed a two-headed ogre
  7273 | D:9      | Reached skill level 3 in Invocations
  7273 | D:9      | Reached skill level 1 in Evocations
  7468 | D:9      | Found a staircase to the Orcish Mines.
  7782 | D:10     | Entered Level 10 of the Dungeon
  7802 | D:10     | Noticed Joseph
  7805 | D:10     | Noticed a wolf spider
  7808 | D:10     | Noticed a gargoyle
  7812 | D:10     | Killed Joseph
  7831 | D:10     | Noticed a two-headed ogre
  7838 | D:10     | Killed a two-headed ogre
  7839 | D:10     | Reached skill level 5 in Air Magic
  7839 | D:10     | Reached XP level 11. HP: 86/86 MP: 13/13
  7856 | D:10     | Noticed Erolcha
  7865 | D:10     | Killed Erolcha
  8048 | D:10     | Killed a wolf spider
  8049 | D:10     | Reached skill level 4 in Invocations
  8467 | D:10     | Noticed a two-headed ogre
  8472 | D:10     | Killed a two-headed ogre
  8655 | Lair:1   | Entered Level 1 of the Lair of Beasts
  8687 | Lair:1   | Reached skill level 5 in Shapeshifting
  8921 | Lair:1   | Reached skill level 5 in Invocations
  9363 | Lair:1   | Reached skill level 5 in Dodging
  9696 | Lair:2   | Noticed a skyshark
  9717 | Lair:2   | Killed a skyshark
  9861 | Lair:2   | Identified a scroll of acquirement
  9966 | Lair:2   | Reached XP level 12. HP: 80/97 MP: 16/16
 10201 | Lair:2   | Found a staircase to the Shoals.
 10201 | Lair:2   | Noticed a seven-headed hydra
 10212 | Lair:2   | Killed a seven-headed hydra
 10213 | Lair:2   | Reached skill level 6 in Invocations
 11232 | Lair:3   | Reached skill level 7 in Invocations
 11246 | Lair:3   | Reached ****** piety under Yredelemnul
 11378 | Lair:3   | Found a staircase to the Snake Pit.
 11528 | Lair:3   | Noticed an eight-headed hydra
 11535 | Lair:3   | Killed an eight-headed hydra
 11654 | Lair:3   | Noticed a six-headed hydra
 11668 | Lair:3   | Killed a six-headed hydra
 11799 | Lair:3   | Noticed a boulder beetle
 11817 | Lair:3   | Killed a boulder beetle
 11896 | Lair:3   | Reached skill level 8 in Invocations
 12036 | Lair:3   | Reached XP level 13. HP: 105/105 MP: 19/19
 12820 | Lair:4   | Found a runed translucent door.
 12885 | Lair:4   | Reached skill level 10 in Shapeshifting
 13012 | Lair:4   | Noticed Sonja
 13026 | Lair:4   | Killed Sonja
 13026 | Lair:4   | Bound Sonja
 13456 | Lair:5   | Entered Level 5 of the Lair of Beasts
 13499 | Lair:5   | Reached skill level 9 in Invocations
 13562 | Lair:5   | Found a viscous altar of Jiyva.
 13566 | Lair:5   | Found a staircase to the Slime Pits.
 13599 | Lair:5   | Your ally Sonja died
 14057 | Lair:5   | Gained mutation: Your large and strong wings let you fly.
                  | [Black Draconian growth]
 14057 | Lair:5   | Reached XP level 14. HP: 57/113 MP: 8/20
 15506 | Orc:1    | Entered Level 1 of the Orcish Mines
 15769 | Orc:1    | Reached skill level 10 in Dodging
 16282 | Orc:1    | Found a dark tunnel.
 16374 | Orc:2    | Entered Level 2 of the Orcish Mines
 16488 | Orc:2    | Found Qaaz's Specific Store.
 16494 | Orc:2    | Found Keze's General Store.
 16499 | Orc:2    | Bought a potion of curing for 45 gold pieces
 16503 | Orc:2    | Bought a scroll of teleportation for 48 gold pieces
 16638 | Orc:2    | Found a roughly hewn altar of Beogh.
 16646 | Orc:2    | Noticed an orc warlord
 16667 | Orc:2    | Killed an orc warlord
 16668 | Orc:2    | Found Piblol's Book Emporium.
 16780 | Orc:2    | Found Guiwoek's Antique Armour Emporium.
 16786 | Orc:2    | Bought a pair of embroidered boots for 187 gold pieces
 16834 | Orc:2    | Found a staircase to the Elven Halls.
 16998 | Orc:2    | Found Olofu's Magic Scroll Emporium.
 17002 | Orc:2    | Bought a scroll of butterflies for 56 gold pieces
 17002 | Orc:2    | Bought a scroll of blinking for 105 gold pieces
 17002 | Orc:2    | Bought a scroll of blinking for 105 gold pieces
 17002 | Orc:2    | Bought a scroll of acquirement for 728 gold pieces
 17002 | Orc:2    | Acquired 556 gold pieces
 17004 | Orc:2    | Acquired the +1 pair of boots of the Sky {rPois Regen+
                  | Dex-4 Slay+3}
 17173 | Orc:2    | Found Ypteng's Antique Weapon Emporium.
 17187 | Orc:2    | Found Roifoarch's General Store.
 17363 | D:10     | Got Sif Muna's Encyclopedia of Ill-starred Decantation
 18481 | D:12     | Learned a level 3 spell: Fugue of the Fallen
 18819 | D:12     | Found a flickering gateway to a bazaar.
 18841 | Bazaar   | Entered a bazaar
 18841 | Bazaar   | Found Eproetuj's Armour Shoppe.
 18841 | Bazaar   | Found Reissiw's Distillery.
 18842 | Bazaar   | Found Qixoeroa's Weapon Emporium.
 18842 | Bazaar   | Found Ineowel's Distillery.
 18845 | Bazaar   | Bought a potion of attraction for 48 gold pieces
 18845 | Bazaar   | Bought a potion of enlightenment for 80 gold pieces
 18849 | Bazaar   | Bought the +1 hat of Dishonour {rN+ Will+ rCorr Str+2} for
                  | 356 gold pieces
 18864 | Bazaar   | Bought a potion of berserk rage for 75 gold pieces
 18864 | Bazaar   | Bought 2 potions of mutation for 240 gold pieces
 18870 | Bazaar   | Bought a potion of curing for 48 gold pieces
 18870 | Bazaar   | Bought a potion of brilliance for 64 gold pieces
 18942 | D:12     | Noticed Fannar
 18948 | D:12     | Killed Fannar
 19026 | D:12     | Found Xuecauq's Superior Scales.
 19350 | D:13     | Found Rucont's Weapon Shoppe.
 19476 | D:13     | Reached skill level 5 in Stealth
 19614 | D:13     | Found an ancient bone altar of Kikubaaqudgha.
 19614 | D:13     | Found a basalt altar of Yredelemnul.
 19614 | D:13     | Found a shimmering altar of Xom.
 19645 | D:13     | Reached XP level 15. HP: 83/118 MP: 22/22
 19726 | D:13     | Found a shimmering altar of Xom.
 19846 | D:13     | Identified the flux talisman of Bitterness {rPois Str+4
                  | Int+4}
 19850 | D:13     | Identified the staff of the Forgotten People {rC+ Dex+7
                  | Ice}
 19889 | D:13     | Acquired the +1 cloak of Starlight {*Dazzle EV+4 Stlth--}
 19889 | D:13     | Found the +1 cloak of Starlight {*Dazzle EV+4 Stlth--}
 20168 | D:13     | Found a sacrificial altar of Ru.
 20536 | D:14     | Reached skill level 10 in Invocations
 20543 | D:14     | Reached skill level 5 in Evocations
 20589 | D:14     | Reached skill level 1 in Spellcasting
 20591 | D:14     | Found a gate to the Vaults.
 20828 | D:14     | Found a gate leading to a gauntlet.
 20851 | Gauntlet | Entered a Gauntlet
 20851 | Gauntlet | Found a transporter.
 20851 | Gauntlet | Found a runed translucent door.
 20851 | Gauntlet | Found a transporter.
 20852 | Gauntlet | Found a runed translucent door.
 20864 | Gauntlet | Found a transporter.
 20878 | Gauntlet | Found a large runed translucent door.
 20879 | Gauntlet | Found a large runed translucent door.
 20880 | Gauntlet | Found a large runed translucent door.
 20880 | Gauntlet | Found a large runed translucent door.
 20880 | Gauntlet | Found a large runed translucent door.
 20880 | Gauntlet | Found a large runed translucent door.
 20880 | Gauntlet | Found a large runed translucent door.
 20880 | Gauntlet | Found a large runed translucent door.
 20881 | Gauntlet | Found a runed translucent door.
 20881 | Gauntlet | Found a runed translucent gate.
 20882 | Gauntlet | Found a runed translucent gate.
 20882 | Gauntlet | Found a transporter.
 20882 | Gauntlet | Found a transporter.
 20882 | Gauntlet | Found a transporter.
 20884 | Gauntlet | Found a transporter.
 20884 | Gauntlet | Found a transporter.
 20899 | Gauntlet | Found a transporter.
 20917 | Gauntlet | Found a transporter.
 20924 | Gauntlet | Found a transporter.
 20942 | Gauntlet | Found a transporter.
 20954 | Gauntlet | Found a large runed translucent door.
 20955 | Gauntlet | Found a large runed translucent door.
 20956 | Gauntlet | Found a large runed translucent door.
 20956 | Gauntlet | Found a large runed translucent door.
 20956 | Gauntlet | Found a large runed translucent door.
 20956 | Gauntlet | Found a large runed translucent door.
 20957 | Gauntlet | Found a large runed translucent door.
 20957 | Gauntlet | Found a large runed translucent door.
 20957 | Gauntlet | Found a runed translucent gate.
 20957 | Gauntlet | Found a runed translucent door.
 20962 | Gauntlet | Found a transporter.
 20978 | Gauntlet | Found a transporter.
 21025 | Gauntlet | Identified the amulet of Verr {Spirit Will+ Dex+3}
 21250 | D:14     | Acquired the ring of Xinykyn {rC+ Dex+2}
 21569 | D:15     | Entered Level 15 of the Dungeon
 21836 | D:15     | Found a staircase to the Depths.
 22214 | D:15     | Found a white marble altar of Elyvilon.
 22786 | Snake:1  | Entered Level 1 of the Snake Pit
 22901 | Snake:1  | Reached XP level 16. HP: 120/132 MP: 20/24
 23029 | Snake:1  | Reached skill level 11 in Invocations
 23100 | Snake:1  | Reached skill level 1 in Translocations
 23821 | Snake:1  | Found Ifosut's Book Shoppe.
 23824 | Snake:1  | Found Zulabree's Jewellery Shop.
 23824 | Snake:1  | Found Imiyghun's Jewellery Shop.
 23830 | Snake:1  | Reached skill level 10 in Fighting
 24243 | Snake:2  | Found Riurhaa's Antique Weapon Shoppe.
 24246 | Snake:2  | Identified the +1 ring mail "Xeimnuisch" {rN+ rCorr}
 24259 | Snake:2  | Reached skill level 1 in Necromancy
 24640 | Snake:2  | Found a radiant altar of Vehumet.
 24935 | Snake:3  | Reached skill level 12 in Invocations
 24969 | Snake:3  | Noticed Azrael
 24989 | Snake:3  | Killed Azrael
 25418 | Snake:3  | Reached skill level 5 in Necromancy
 25453 | Snake:3  | Your ally Azrael died
 25513 | Snake:3  | Identified the serpent talisman "Poxzoo Cecs" {rN+ Will-
                  | Dex+5}
 25513 | Snake:3  | Noticed Aizul
 25530 | Snake:3  | Reached skill level 13 in Invocations
 25533 | Snake:3  | Killed Aizul
 25610 | Snake:3  | Reached XP level 17. HP: 115/140 MP: 14/26
 25993 | Snake:4  | Entered Level 4 of the Snake Pit
 26092 | Snake:4  | Found Zymuinka's General Store.
 26253 | Snake:4  | Found Fur Ydghie's Assorted Antiques.
 26333 | Snake:4  | Found a glacial archway.
 26593 | Snake:4  | Found Zomuasidd's Weapon Shoppe.
 26892 | Snake:4  | Reached skill level 5 in Translocations
 27245 | Snake:4  | Got a serpentine rune of Zot
 27436 | Shoals:1 | Entered Level 1 of the Shoals
 27465 | Shoals:1 | Noticed Donald
 27475 | Shoals:1 | Killed Donald
 27491 | Shoals:1 | Found Unloapets's Weapon Shoppe.
 27809 | Shoals:1 | Found a runed translucent gate.
 27809 | Shoals:1 | Found a runed translucent gate.
 27810 | Shoals:1 | Found a runed translucent gate.
 27811 | Shoals:1 | Noticed zewo's ghost (adept DrFE)
 27812 | Shoals:1 | Noticed zenocrate's ghost (journeyman FeSh)
 27865 | Shoals:1 | Noticed a kraken
 27883 | Shoals:1 | Killed a kraken
 28546 | Shoals:2 | Noticed Mlioglotl
 28554 | Shoals:2 | Killed Mlioglotl
 28654 | Shoals:2 | Your ally Mlioglotl died
 29133 | Shoals:3 | Found Rimuet's Antique Weapon Emporium.
 29223 | Shoals:3 | Reached XP level 18. HP: 132/151 MP: 24/28
 29293 | Shoals:3 | Noticed Jorgrun
 29303 | Shoals:3 | Killed Jorgrun
 29572 | Shoals:3 | Reached skill level 14 in Invocations
 29878 | Shoals:3 | Noticed Polyphemus
 29881 | Shoals:3 | Noticed Ilsuiw
 29897 | Shoals:3 | Killed Polyphemus
 29919 | Shoals:4 | Entered Level 4 of the Shoals
 30170 | Shoals:4 | Identified the amulet "Gevvaen" {Fly RegenMP+ Stlth+}
 30618 | Shoals:4 | Found a runed translucent door.
 30991 | Shoals:4 | Got a barnacled rune of Zot
 31183 | Shoals:4 | Reached skill level 10 in Evocations
 31207 | Shoals:4 | Reached skill level 15 in Invocations
 31451 | Shoals:3 | Killed Ilsuiw
 31931 | Elf:1    | Entered Level 1 of the Elven Halls
 31967 | Elf:1    | Paralysed by an air elemental for 1 turns
 32046 | Elf:1    | Reached skill level 15 in Dodging
 32555 | Elf:1    | Found Qozxoxoc's Assorted Antiques.
 32600 | Elf:1    | Found a radiant altar of Vehumet.
 32667 | Elf:1    | Reached XP level 19. HP: 144/163 MP: 12/30
 33309 | Elf:2    | Found Daezodov's Antique Armour Emporium.
 33312 | Elf:2    | Found Racafrumm's Weapon Emporium.
 33312 | Elf:2    | Found Elluzer's Antique Armour Shoppe.
 33328 | Elf:2    | Found Fulaj's Assorted Antiques.
 33514 | Elf:2    | Found a runed translucent gate.
 33515 | Elf:2    | Found a runed translucent gate.
 33515 | Elf:2    | Found a runed translucent gate.
 33779 | Elf:2    | Reached skill level 15 in Fighting
 34410 | Elf:3    | Entered Level 3 of the Elven Halls
 35706 | Elf:3    | Identified the staff of Sif Muna's Respect {rF- Int+4 Conj}
 36555 | Elf:3    | Identified the +7 morningstar of the Head {elec, Will+
                  | Str+2 Int-3}
 36723 | Elf:3    | Identified the ring of Nohumeti {Ice Fly}
 36927 | Elf:3    | Identified the +8 scimitar "Maclezy" {heavy, Will+ Int+3}
 36948 | Elf:3    | Identified the ring of Zeank {Wiz Will+ Str-4 Dex+2}
 37035 | Elf:3    | Identified the +1 mace of the Wilderness {elec, rC- Dex+3
                  | Stlth+}
 37041 | Elf:3    | Identified the +7 quarterstaff of Ahyoraiv {antimagic, rC+
                  | Will+ Int+2 Dex-3}
 37659 | Elf:3    | Identified the ring "Lytzyg" {Ice Fly Will+ Str-5 Int+2}
 37740 | Elf:3    | Got Sif Muna's Papyrus of Shifting Breath
 37748 | Elf:3    | Identified the granite talisman "Qidd" {rF+ Str+4}
 37784 | Elf:3    | Got Onkej's Verses on the Rocks
 38758 | Shoals:3 | Bought the +8 pair of quick blades "Gyre" and "Gimble"
                  | {protect} for 2015 gold pieces
 38758 | Shoals:3 | Found the +8 pair of quick blades "Gyre" and "Gimble"
                  | {protect}
 38999 | Vaults:1 | Entered Level 1 of the Vaults
 39005 | Vaults:1 | Reached XP level 20. HP: 182/182 MP: 31/31
 39005 | Vaults:1 | Found Oshocobudd's Armour Shoppe.
 39133 | Vaults:1 | Found Egyat's Weapon Boutique.
 39133 | Vaults:1 | Found Hounoih's Antique Weapon Boutique.
 39144 | Vaults:1 | Reached skill level 16 in Invocations
 39162 | Vaults:1 | Found Paop's Magic Scroll Boutique.
 39400 | Vaults:1 | Found a runed translucent gate.
 39400 | Vaults:1 | Found a runed translucent gate.
 39400 | Vaults:1 | Found a runed translucent gate.
 39402 | Vaults:1 | Noticed Jesaaggu's ghost (adept MiNe)
 40217 | Vaults:1 | Killed Jesaaggu's ghost
 40539 | Vaults:2 | Learned a level 1 spell: Apportation
 41155 | Vaults:2 | Found Ulisun's Antique Weapon Shoppe.
 41411 | Vaults:3 | Found a flickering gateway to a bazaar.
 41437 | Bazaar   | Entered a bazaar
 41439 | Bazaar   | Found Sedeusm's Antique Weapon Boutique.
 41443 | Bazaar   | Found Kuwneuja's General Store.
 41443 | Bazaar   | Found Vethot's Jewellery Boutique.
 41443 | Bazaar   | Found Tyclullo's Distillery.
 41471 | Bazaar   | Bought a potion of heal wounds for 80 gold pieces
 41477 | Bazaar   | Bought a potion of heal wounds for 75 gold pieces
 41477 | Bazaar   | Bought a potion of haste for 150 gold pieces
 41477 | Bazaar   | Bought 2 potions of might for 120 gold pieces
 41515 | Vaults:3 | Reached XP level 21. HP: 194/194 MP: 29/33
 41539 | Vaults:3 | Found a staircase to the Crypt.
 41708 | Vaults:3 | Found a crumbling gateway.
 41710 | Vaults:3 | Found a glowing silver altar of Zin.
 41710 | Vaults:3 | Found a glowing golden altar of the Shining One.
 41712 | Vaults:3 | Found a white marble altar of Elyvilon.
 41742 | Desolati | Entered the Desolation of Salt
 41811 | Desolati | Found the +5 Lochaber axe {reach-cleave, Poleaxe ^Drain}
 41824 | Desolati | Reached skill level 10 in Stealth
 41839 | Desolati | Got Sif Muna's Compendium of Sulphurous Despicable
                  | Mysteries
 42001 | Desolati | Identified the ring "Nonah" {rC+ Str+6 Int+3}
 42176 | Desolati | Identified the +2 leather armour of Honecwua {Rampage rElec
                  | rF- SInv}
 42178 | Desolati | Identified the +8 short sword "Keckeuru" {flame, rC+
                  | Stlth+}
 42179 | Desolati | Identified the +8 eveningstar of Dismemberment {heavy,
                  | *Slow rElec Str+3 Dex+2}
 43511 | Vaults:4 | Reached skill level 17 in Invocations
 43796 | Vaults:4 | Identified the staff of the Inferno {rC+ Will+ MP+9 Ice}
 43949 | Vaults:4 | Identified the +4 scimitar "Koxihaf" {speed, rN++ Str-2
                  | SInv}
 44474 | Depths:1 | Entered Level 1 of the Depths
 44495 | Depths:1 | Reached XP level 22. HP: 205/205 MP: 31/34
 44518 | Depths:1 | Found Duriff's Antique Weapon Shoppe.
 44518 | Depths:1 | Found a gateway to Hell.
 44519 | Depths:1 | Found a one-way gate to the infinite horrors of the Abyss.
 44745 | Depths:1 | Found a shimmering altar of Xom.
 44805 | Depths:1 | Found a hide-covered altar of Uskayaw.
 44876 | Depths:1 | Found a portal to a secret trove of treasure.
 45228 | Depths:2 | Found a one-way gate leading to the halls of Pandemonium.
 45297 | Depths:2 | Reached skill level 15 in Evocations
 45468 | Depths:2 | Noticed a caustic shrike
 45473 | Depths:2 | Killed a caustic shrike
 45473 | Depths:2 | Bound a caustic shrike
 45878 | Depths:2 | Identified the ring "Voubbon" {Ice MP+9}
 45878 | Depths:2 | Noticed Josephina
 45891 | Depths:2 | Killed Josephina
 46071 | Depths:2 | Reached skill level 18 in Invocations
 46462 | Depths:2 | Identified the +4 ring mail "Vuytz" {rPois rN+ Dex+3}
 46467 | Depths:2 | Identified the amulet "Vewk" {-Cast Regen+ Dex+4}
 46918 | Snake:1  | Bought the amulet "Coabub" {Regen+ Slay+5} for 870 gold
                  | pieces
 47247 | Depths:1 | Voluntarily entered the Abyss.
 47273 | Abyss:2  | Found a corrupted altar of Lugonu.
 47305 | Abyss:2  | Found a corrupted altar of Lugonu.
 47385 | Abyss:3  | Found a corrupted altar of Lugonu.
 47416 | Abyss:3  | Found a corrupted altar of Lugonu.
 47416 | Abyss:3  | Found a corrupted altar of Lugonu.
 47468 | Abyss:3  | Found a corrupted altar of Lugonu.
 47472 | Depths:1 | Escaped the Abyss
 47558 | Depths:1 | Voluntarily entered the Abyss.
 47580 | Abyss:3  | Found a corrupted altar of Lugonu.
 47581 | Abyss:3  | Found a corrupted altar of Lugonu.
 47707 | Depths:1 | Escaped the Abyss
 47762 | Depths:1 | Voluntarily entered the Abyss.
 47763 | Abyss:3  | Found a corrupted altar of Lugonu.
 47961 | Abyss:3  | Found a corrupted altar of Lugonu.
 48010 | Abyss:3  | Reached skill level 19 in Invocations
 48088 | Abyss:3  | Reached XP level 23. HP: 215/215 MP: 36/36
 48182 | Abyss:3  | Paralysed by accursed screaming for 2 turns
 48194 | Abyss:3  | Got an abyssal rune of Zot
 48197 | Abyss:3  | Reached skill level 15 in Shapeshifting
 48212 | Depths:1 | Escaped the Abyss
 48413 | Depths:3 | Found a stormy altar of Qazlal.
 48497 | Depths:3 | Found a one-way gateway to a ziggurat.
 48839 | Depths:3 | Reached skill level 20 in Invocations
 48869 | Depths:3 | Noticed a juggernaut
 48877 | Depths:3 | Killed a juggernaut
 48877 | Depths:3 | Bound a juggernaut
 48930 | Depths:3 | Noticed a juggernaut
 48934 | Depths:3 | Killed a juggernaut
 49086 | Depths:3 | Noticed a caustic shrike
 49088 | Depths:3 | Killed a caustic shrike
 49408 | Depths:3 | Found a runed translucent gate.
 49408 | Depths:3 | Found a runed translucent gate.
 49408 | Depths:3 | Found a runed translucent gate.
 49415 | Depths:3 | Noticed Gazog's ghost (veteran MiHW)
 49502 | Depths:3 | Found a viscous altar of Jiyva.
 49535 | Depths:3 | Killed Gazog's ghost
 49537 | Depths:3 | Reached skill level 21 in Invocations
 49633 | Depths:3 | Learned a level 4 spell: Manifold Assault
 49660 | Depths:4 | Entered Level 4 of the Depths
 49726 | Depths:4 | Noticed a juggernaut
 49738 | Depths:4 | Killed a juggernaut
 49911 | Depths:4 | Noticed Lucarghiu's ghost (veteran GnWn)
 49926 | Depths:4 | Found a transporter.
 49944 | Depths:4 | Found a transporter.
 49948 | Depths:4 | Noticed a caustic shrike
 49949 | Depths:4 | Noticed a caustic shrike
 49951 | Depths:4 | Noticed a caustic shrike
 49953 | Depths:4 | Killed a caustic shrike
 49957 | Depths:4 | Killed a caustic shrike
 49959 | Depths:4 | Killed a caustic shrike
 49960 | Depths:4 | Reached XP level 24. HP: 224/224 MP: 35/37
 50106 | Depths:4 | Found a glowing golden altar of the Shining One.
 50187 | Depths:4 | Reached skill level 22 in Invocations
 50206 | Depths:4 | Found a gate to the Realm of Zot.
 50862 | Vaults:5 | Entered Level 5 of the Vaults
 50863 | Vaults:5 | Noticed a dread lich
 50872 | Vaults:5 | Killed a dread lich
 50918 | Vaults:5 | Noticed an ancient lich
 50930 | Vaults:5 | Killed an ancient lich
 50998 | Vaults:5 | Reached skill level 10 in Translocations
 51063 | Vaults:5 | Found the +5 glaive of the Guard {elec, spectral}
 51068 | Vaults:5 | Reached skill level 23 in Invocations
 51106 | Vaults:5 | Got a silver rune of Zot
 51118 | Vaults:5 | Got the Octavo of the Gaseous Prime Material
 51203 | Vaults:5 | Reached skill level 24 in Invocations
 51209 | Vaults:5 | Identified the +5 scimitar "Plog" {drain, rC+ Dex+6}
 51241 | Vaults:5 | Identified the amulet "Hadi" {Faith rElec rC- Int-2 Slay+5}
 51243 | Vaults:5 | Identified the +5 flail of Indomitability {spect, Fly
                  | Stlth+}
 51275 | Vaults:5 | Reached skill level 25 in Invocations
 51323 | Vaults:5 | Reached XP level 25. HP: 231/231 MP: 39/39
 51430 | Vaults:5 | Noticed Jory
 51437 | Vaults:5 | Killed Jory
 51720 | Vaults:5 | Noticed an ancient lich
 51728 | Vaults:5 | Killed an ancient lich
 51877 | Vaults:5 | Identified the +4 great sword "Ypsih" {speed, Will+ Dex+6}
 52461 | Depths:1 | You showed the abyssal rune of Zot to enter a treasure
                  | trove
 52462 | Trove    | Entered a treasure trove
 52466 | Trove    | Identified the amulet of Omuume {Spirit Int+5}
 52468 | Trove    | Identified the amulet "Mukimegighu" {Spirit rC+ Int+4}
 52470 | Trove    | Identified the amulet of Qeduruol {Acrobat rPois rC+}
 52473 | Trove    | Identified the ring of Biolufom {rElec MP+9 Int+3 Slay+3}
 52477 | Trove    | Identified the amulet of the Burning Madman {Faith rElec
                  | rPois Will+}
 52480 | Trove    | Identified the amulet "Lolieq" {Faith rF+}
 52486 | Trove    | Identified the ring of Xicuutubb {rCorr Int+6 Dex+2}
 52490 | Trove    | Identified the ring "Bymnatzeule" {rC+ Int+3}
 52492 | Trove    | Identified the ring "Atiownaf" {rElec rN+ Str+2 SInv}
 52494 | Trove    | Identified the amulet "Milokh" {Reflect ^Contam rC+ rCorr
                  | SH+5}
 53022 | Snake:4  | Bought a phial of floods for 1040 gold pieces
 53180 | Slime:1  | Entered Level 1 of the Pits of Slime
 53183 | Slime:1  | Gained mutation: You are clumsy. (Dex -2) [a shining eye]
 53207 | Slime:1  | Gained mutation: You have hidden genetic defects. [a
                  | shining eye]
 54121 | Slime:2  | Lost mutation: You are clumsy. (Dex -2) [potion of
                  | mutation]
 54121 | Slime:2  | Lost mutation: You have hidden genetic defects. [potion of
                  | mutation]
 54121 | Slime:2  | Gained mutation: You do not regenerate when monsters are
                  | visible. [potion of mutation]
 54122 | Slime:2  | Lost mutation: You do not regenerate when monsters are
                  | visible. [potion of mutation]
 54122 | Slime:2  | Gained mutation: You have large cloven feet. [potion of
                  | mutation]
 54122 | Slime:2  | Gained mutation: Your natural rate of healing is unusually
                  | fast. [potion of mutation]
 54213 | Slime:2  | Reached skill level 26 in Invocations
 55012 | Slime:4  | Noticed Dissolution
 55025 | Slime:4  | Killed Dissolution
 55488 | Slime:5  | Entered Level 5 of the Pits of Slime
 55591 | Slime:5  | Reached skill level 27 in Invocations
 55651 | Slime:5  | Found a viscous altar of Jiyva.
 55659 | Slime:5  | Noticed the Royal Jelly
 55698 | Slime:5  | Killed the Royal Jelly
 55711 | Slime:5  | Your ally the Royal Jelly died
 55780 | Slime:5  | Identified the +7 hand axe of Esel {spect, Will++}
 55854 | Slime:5  | Identified the +6 scale mail "Sureoh" {-Cast Str+6 Dex-5
                  | Stlth+}
 55858 | Slime:5  | Identified the +5 rapier of Focsu {flame, rCorr Int+3
                  | Dex+2}
 55887 | Slime:5  | Got the Tome of Burning
 55897 | Slime:5  | Got a slimy rune of Zot
 55905 | Slime:5  | Identified the staff "Qegoel" {rPois rF+ Fire Air}
 56568 | Zot:1    | Entered Level 1 of the Realm of Zot
 56568 | Zot:1    | Noticed Grunn
 56582 | Zot:1    | Killed Grunn
 57087 | Zot:1    | Noticed a Killer Klown
 57250 | Zot:1    | Found a transporter.
 57287 | Zot:1    | Found a transporter.
 57287 | Zot:1    | Found the amulet of the Air {Inacc Air Fly rElec RMsl}
 57729 | Zot:2    | Noticed a Killer Klown
 57732 | Zot:2    | Killed a Killer Klown
 57733 | Zot:2    | Reached XP level 26. HP: 240/240 MP: 40/40
 57887 | Zot:2    | Reached skill level 15 in Short Blades
 57946 | Zot:2    | Acquired a manual of Fighting
 60239 | Zot:5    | Entered Level 5 of the Realm of Zot
 60374 | Zot:5    | Found a large runed translucent door.
 60374 | Zot:5    | Found a large runed translucent door.
 60376 | Zot:5    | Noticed Tigajux's ghost (master OnAl)
 60506 | Zot:5    | Killed Tigajux's ghost
 60621 | Zot:5    | Noticed an ancient lich
 60629 | Zot:5    | Noticed an orb of fire
 60630 | Zot:5    | Noticed an orb of fire
 60632 | Zot:5    | Killed an ancient lich
 60634 | Zot:5    | Gained mutation: You occasionally lose the ability to drink
                  | potions when taking damage. [an orb of fire]
 60642 | Zot:5    | Noticed an orb of fire
 60642 | Zot:5    | Killed an orb of fire
 60687 | Zot:5    | Noticed an orb of fire
 60692 | Zot:5    | Gained mutation: You are clumsy. (Dex -2) [an orb of fire]
 60695 | Zot:5    | Killed an orb of fire
 60700 | Zot:5    | Killed an orb of fire
 60777 | Zot:5    | Reached XP level 27. HP: 230/256 MP: 40/40
 60797 | Zot:5    | Noticed an orb of fire
 60801 | Zot:5    | Killed an orb of fire
 60843 | Zot:5    | Killed an orb of fire
 61052 | Zot:5    | Got the Orb of Zot
 61237 | Depths:3 | Noticed Gorghof the pandemonium lord
 61245 | Depths:2 | Killed Gorghof the pandemonium lord
 61586 | D:$      | Escaped with the Orb!

Illustrated notes

Levels and vault maps discovered:
D:1:      onia_arrival_handbag, layout_rooms, minmay_misc_feat_iff
D:2:      minmay_wonky_spiral, layout_basic, basic_altar,
          shapermc_ecumenical_altar_rom_forum, uniq_crazy_yiuf_cottage,
          uniq_terence
D:3:      wander_river, layout_loops_ring, mainiacjoe_overflow_cross_hatched,
          trog_wizard, mainiacjoe_sewer_entry_somewhere_in_here_2,
          dk_noncrumbling_3, minmay_pentangle
D:4:      layout_basic
D:5:      layout_basic, lemuel_coloured_pillars_altar,
          mainiacjoe_overflow_small_starburst, minmay_temple_entry_proselytizer,
          saegor_snake_ambush
D:6:      layout_rooms, zin_academy, dk_noncrumbling_4, st_stairs_11,
          uniq_blork_the_orc
D:7:      layout_basic, fedhas_bush_and_centaur_altar,
          cheibrodos_ashenzari_chains, uniq_duvessa
D:8:      layout_rooms, nicolae_overflow_squiral, amcnicky_altar_gilded,
          roderic_lattice_a, uniq_jeremiah
D:9:      layout_roguey, okawaru_humans, lair_entry_dummy, erik_orc_2,
          nicolae_water_bricks, fountainhead, kennysheep_small_circle
D:10:     layout_roguey, kennysheep_island_fort, uniq_erolcha, uniq_joseph
D:11:     layout_grid_maze
D:12:     layout_basic, serial_shops, bzr_firewalk, hellmonk_scale_shop,
          uniq_fannar
D:13:     skrybe_chaotic_catacombs, layout_basic, serial_shops,
          nicolae_shop_tiny_real_fake_doors, roderic_nine_men_s_morris,
          nicolae_ru_sacrificial_ziggurat
D:14:     layout_rooms, hellmonk_vaults_keyhole, gauntlet_entry_generic,
          chequers_serial_rivers_large_b, onia_ninara_dug_in_and_dangerous
D:15:     gammafunk_depths_entry_grave, layout_basic, minmay_misc_feat_pillars,
          hangedman_abyss_or_decor_stabs, nicolae_elyvilon_peaceful_grove
Temple:   jpeg_temple_clearing
Lair:1:   minmay_lair_oklob_tunnel, layout_small_grid
Lair:2:   layout_loops_ring, elwin_shoals_entry_rocks, evilmike_ambush
          [evilmike_ambush_outer_pillars, evilmike_ambush_inner_basic],
          lemuel_fruit_tree
Lair:3:   cheibrodos_magma_flow, layout_regular_city,
          minmay_snake_entry_guardpost_small, minmay_lair_oklob_bushes,
          serial_bayou_shore_b
Lair:4:   gammafunk_mikee_crab_dinner, layout_regular_city, uniq_sonja
Lair:5:   grunt_lair_end_beastmaster, layout_misc_corridors, slime_entry_1
Shoals:1: layout_shoals, serial_shops, shop_statue, gammafunk_ghost_cemetery,
          uniq_donald
Shoals:2: layout_shoals, uniq_mlioglotl
Shoals:3: layout_shoals, serial_shops, nicolae_shop_tiny_real_fake_doors,
          nicolae_shoals_seven_spires, nicolae_shoals_former_cling_halls,
          uniq_ilsuiw, uniq_jorgrun, uniq_polyphemus
Shoals:4: shoals_end_grunt_ice, layout_shoals, lightli_airlock
Snake:1:  layout_layer_cave, minmay_shop_grove
Snake:2:  layout_misc_corridors, serial_shops, nicolae_diamond_shop,
          basic_altar, nicolae_triple_integral
Snake:3:  layout_honeycomb, uniq_azrael, uniq_aizul
Snake:4:  minmay_snake_end_coiled, layout_cave_town,
          portal_ice_cave_entry_pillars_2, serial_shops, nicolae_shop_peninsula,
          shop, shop
Slime:1:  layout_caves
Slime:2:  layout_caves, cheibrodos_slime_lost_civilization_6
Slime:3:  layout_caves
Slime:4:  cheibrodos_slime_lost_civilization_8, layout_caves,
          cheibrodos_slime_lost_civilization_7, uniq_dissolution
Slime:5:  slime_pit_nicolae_amoeboid
Orc:1:    layout_caves, nicolae_volcano_entry_two_sided,
          nicolae_orc_crystal_seam
Orc:2:    grunt_orc_cross, layout_diamond_mine, serial_shops,
          nicolae_shop_back_alley_shop, nicolae_specific_store
Elf:1:    eino_elf_arrival_the_gate, layout_geoelf_octagon, serial_shops, shop,
          minmay_elf_crystal_hexagon, nicolae_elf_glass_and_crystal_pillar_1,
          drop_trap, lemuel_statue_altar, minmay_misc_feat_columns
Elf:2:    elven_hall_of_blades_hangedman_original [nicolae_blade_tridents],
          layout_gridlike, lemuel_upstairs_altar, minmay_shoptagon
Elf:3:    elf_hall, layout_geoelf_octagon
Vaults:1: ebering_ghost_rock_garden, hangedman_vaults_hard_town_square,
          vaults_room_hallway, nicolae_vaults_alarming,
          nicolae_vaults_ring_of_whatevers, grunt_vaults_twisty,
          nicolae_vaults_apartment_2, ontoclasm_vaults_twist,
          nicolae_vaults_double_plus_1, layout_vaults_omnigrid, serial_shops,
          nicolae_shop_mannequins
Vaults:2: hangedman_vaults_slice, nicolae_vaults_little_squares_2,
          nicolae_vaults_inception_scallops, nicolae_vaults_minivaults,
          v_misc_22, hangedman_vaults_corner_blocks, vaults_room_ringed_pool,
          hangedman_vaults_slice, nicolae_vaults_storage_closets_1,
          layout_vaults_ring, serial_shops, nicolae_shop_waterfront
Vaults:3: portal_desolation_entry_holy_temple, nicolae_vaults_theta, v_misc_27,
          nicolae_vaults_murderbox, ontoclasm_vaults_decontamination,
          hangedman_vaults_snaps, nicolae_vaults_variable_pillar_hall,
          nicolae_vaults_diagonal_hallway_9,
          nicolae_vaults_doubleplus_tesselated, vaults_room_door_hall,
          v_misc_23, nicolae_vaults_hexular_roomagon,
          nicolae_vaults_double_plus_1, layout_vaults_big_room,
          dummy_crypt_entry, serial_shops, bzr_entry_gold
Vaults:4: v_pattern_1, v_misc_5, ontoclasm_vaults_loading_screen,
          nicolae_vaults_layer_cake_slice, nicolae_vaults_surprise_closet_hard,
          nicolae_vaults_ellipses_ellipsis, hangedman_vaults_unwind,
          nicolae_vaults_oval_intersection, nicolae_vaults_twisting_passages,
          hangedman_vaults_stagger, vaults_room_large_hall, vaults_room_pool,
          grunt_vaults_focal, layout_vaults_omnibox
Vaults:5: uniq_jory
Depths:1: layout_cave_shapes, xom_redecorated, abyss_entry, hell_entry,
          serial_shops, shop, trove_entry_hex_spiral, drop_trap,
          minmay_misc_feat_tower, minivault_16, nicolae_uskayaw_dance_hall
Depths:2: minmay_broken_ring, layout_long_grid, nicolae_two_hexagons, pan_entry,
          nicolae_hell_entry_hellmouth_sunbeams, hangedman_abyss_entry_splay,
          hex_medium, serial_library_hellmonk_u_bend, uniq_josephina
Depths:3: cell_vault, layout_long_grid, enter_ziggurat_a, hell_entry,
          abyss_entry, gammafunk_ghost_ooze, grunt_qazlal_clouds, drop_trap,
          kennysheep_generic_room_15
Depths:4: grunt_x_marks_the_spot, layout_basic,
          gammafunk_ghost_berserking_beasts, hell_entry,
          nicolae_tso_carved_into_rock, abyss_entry,
          minmay_fractal_squares_diagonal_5
Zot:1:    gammafunk_sealed_arena, layout_cathedral_of_symmetry,
          regret_index_zotdec_fiery_em, uniq_grunn
Zot:2:    layout_onion, grunt_megastairs_5
Zot:3:    layout_basic
Zot:4:    layout_cellular_growth, regret_index_zotdec_split_disrupt,
          skrybe_zot_glass_3
Zot:5:    layout_misc_corridors, ebering_ghost_disaster_area

Skill      XL: |  1  2  3  4  5  6  7  8  9 10 11 12 13 14 15 16 17 18 19 20 21 22 23 24 25 26 27 |
---------------+----------------------------------------------------------------------------------+-----
Long Blades    | 3 4 5 |  5.4
Short Blades   | 1 3 6 10 12 13 14 17 18 | 18.1
Fighting       | 4 5 6 7 9 10 11 13 16 18 19 20 22 24 | 24.8
Air Magic      | 2 5 6 8 |  8.0
Dodging        | 3 5 7 9 11 12 13 15 17 18 19 20 | 20.0
Invocations    | 3 5 8 9 10 13 15 16 17 19 21 25 27 | 27.0
Shapeshifting  | 3 6 9 12 14 16 17 18 | 18.0
Evocations     | 1 3 6 7 8 10 11 13 15 16 | 16.0
Stealth        | 5 7 8 10 | 10.0
Spellcasting   | 3 |  3.0
Translocations | 4 5 7 10 | 10.0
Necromancy     | 6 9 |  9.0

Action                     |  1- 3 |  4- 6 |  7- 9 | 10-12 | 13-15 | 16-18 | 19-21 | 22-24 | 25-27 || total
---------------------------+-------+-------+-------+-------+-------+-------+-------+-------+-------++-------
  Melee: Falchion          |    18 |   104 |       |       |       |       |       |       |       ||   122
         Short sword       |     3 |       |       |       |       |       |       |       |       ||     3
         Tailslap          |     1 |    28 |    31 |    95 |   262 |   257 |   552 |   554 |   495 ||  2275
         Rapier            |       |   110 |   209 |   519 |  1090 |  1065 |   427 |       |       ||  3420
         Maw               |       |       |       |       |   280 |   475 |   929 |   917 |   809 ||  3410
         Pair of quick bla |       |       |       |       |       |       |  1409 |  1775 |  1567 ||  4751
  Throw: Dart              |       |       |       |     1 |       |     1 |       |       |       ||     2
         Throwing net      |       |       |       |       |     1 |     1 |       |       |       ||     2
   Cast: Blink             |       |       |       |       |     1 |     1 |     1 |       |       ||     3
         Fugue of the Fall |       |       |       |       |       |    10 |    32 |    21 |    21 ||    84
         Swiftness         |       |       |       |       |       |       |     1 |       |       ||     1
 Invoke: Light the Black T |       |     4 |     4 |     5 |    11 |     8 |     8 |     4 |    10 ||    54
         Recall Undead Har |       |       |       |     4 |     2 |     4 |     1 |     5 |     1 ||    17
         Hurl Torchlight   |       |       |       |     2 |    14 |    11 |     3 |     2 |     1 ||    33
         Bind Soul         |       |       |       |     2 |     3 |     4 |       |     2 |     1 ||    12
Ability: Galvanic Breath   |       |       |       |     2 |     2 |     2 |     1 |       |       ||     7
  Evoke: Wand              |       |       |       |    10 |       |     3 |    12 |     1 |       ||    26
         Lightning rod     |       |       |       |       |     4 |     1 |     5 |     4 |       ||    14
         Tin of tremorston |       |       |       |       |       |     2 |       |     1 |       ||     3
         Sack of spiders   |       |       |       |       |       |       |     1 |     1 |     1 ||     3
    Use: Scroll            |       |       |    11 |     5 |    14 |     3 |     8 |     4 |     2 ||    47
         Potion            |       |       |       |       |     2 |     1 |     1 |     3 |    13 ||    20
   Stab: Sleeping          |     2 |    18 |    11 |     9 |    21 |    12 |    18 |     5 |    12 ||   108
         Distracted        |       |     1 |     1 |    10 |    26 |    30 |    16 |    19 |    21 ||   124
         Petrified         |       |       |       |       |     1 |     1 |       |       |       ||     2
         Invisible         |       |       |       |       |    15 |    45 |    35 |    23 |    13 ||   131
         Fleeing           |       |       |       |       |       |       |       |     1 |       ||     1
         Held in net/web   |       |       |       |       |       |       |       |       |     2 ||     2
 Armour: Skin              |    12 |   101 |    87 |   193 |   317 |   511 |   338 |   330 |   290 ||  2179
  Dodge: Dodged            |    10 |   143 |   189 |   370 |   892 |  1015 |   736 |   565 |   446 ||  4366
   Form: Maw               |       |       |       |       |     3 |       |       |       |       ||     3
                           |       |       |       |       |     2 |       |       |       |       ||     2

Table legend: (Time is in decaauts)
 A = Elapsed time spent in this place.
 B = Non-inter-level travel time spent in this place.
 C = Inter-level travel time spent in this place.
 D = Time resting spent in this place.
 E = Time spent auto-exploring this place.
 F = Levels seen in this place.
 G = Mean time per level.
                   A        B        C        D        E       F      G
               +--------+--------+--------+--------+--------+-----+--------+
         Total |  59316 |  52332 |   6984 |   4431 |  33802 |  63 |  941.5 |
       Dungeon |  15297 |  12500 |   2797 |    848 |   8063 |  15 | 1019.8 |
        Temple |     49 |      1 |     48 |      0 |      0 |   1 |   49.0 |
          Lair |   7314 |   6074 |   1240 |    960 |   3976 |   5 | 1462.8 |
        Shoals |   4268 |   4008 |    260 |    272 |   2872 |   4 | 1067.0 |
     Snake Pit |   4679 |   4198 |    481 |    170 |   2952 |   4 | 1169.8 |
    Slime Pits |   2142 |   1974 |    168 |     24 |   1060 |   5 |  428.4 |
  Orcish Mines |   1729 |   1566 |    163 |     16 |   1118 |   2 |  864.5 |
   Elven Halls |   6372 |   6100 |    272 |   1759 |   2901 |   3 | 2124.0 |
        Vaults |   5943 |   5411 |    532 |      0 |   4059 |   5 | 1188.6 |
        Depths |   5182 |   4370 |    812 |    349 |   3038 |   4 | 1295.5 |
           Zot |   4429 |   4223 |    206 |     33 |   3240 |   5 |  885.8 |
         Abyss |    749 |    749 |      0 |      0 |     51 |   5 |  149.8 |
        Bazaar |     96 |     96 |      0 |      0 |     11 |   2 |   48.0 |
         Trove |     36 |     36 |      0 |      0 |     20 |   1 |   36.0 |
    Desolation |    657 |    657 |      0 |      0 |    303 |   1 |  657.0 |
      Gauntlet |    366 |    366 |      0 |      0 |    138 |   1 |  366.0 |
               +--------+--------+--------+--------+--------+-----+--------+

Top non-repeatable levels by time:
   Elf:3: 4015 daAuts
  Lair:3: 1776 daAuts
  Lair:2: 1689 daAuts
     D:9: 1677 daAuts
 Snake:1: 1591 daAuts
Depths:2: 1535 daAuts
Vaults:1: 1414 daAuts
Shoals:4: 1407 daAuts
  Lair:5: 1368 daAuts
  Lair:4: 1350 daAuts
Depths:1: 1345 daAuts
    D:10: 1336 daAuts
    D:15: 1335 daAuts
 Snake:4: 1313 daAuts
Depths:3: 1301 daAuts
